 Dungeon Crawl Stone Soup version 0.21.1-1-g345015f (webtiles) character file.

26 shakethe the Chopper (level 2, -3/23 HPs)
             Began as a Demonspawn Gladiator on Feb 25, 2018.
             Slain by a centaur (9 damage)
             ... on level 2 of the Dungeon.
             The game lasted 00:00:45 (927 turns).

shakethe the Chopper (Demonspawn Gladiator)          Turns: 927, Time: 00:00:46

Health: -3/23      AC:  8    Str: 14    XL:     2   Next: 89%
Magic:  2/2        EV: 13    Int:  9    God:
Gold:   76         SH:  0    Dex: 14    Spells: 1/1 levels left

rFire    . . .     SeeInvis .   a - +0 war axe
rCold    . . .     Gourm    .   (no shield)
rNeg     . . .     Faith    .   b - +0 leather armour
rPois    .         Spirit   .   c - +0 helmet
rElec    .         Reflect  .   (no cloak)
rCorr    .         Harm     .   (no gloves)
MR       .....                  (no boots)
Stlth    +.........             (no amulet)
HPRegen  0.07/turn              e - +4 ring of protection
MPRegen  0.08/turn              (no ring)

@: no status effects
A: talons 1
a: no special abilities


You were on level 2 of the Dungeon.
You were not hungry.

You visited 1 branch of the dungeon, and saw 2 of its levels.

You collected 76 gold pieces.

Inventory:

Hand Weapons
 a - a +0 war axe (weapon)
Missiles
 d - 3 throwing nets {=f, !d}
Armour
 b - a +0 leather armour (worn)
 c - a +0 helmet (worn)
Jewellery
 e - a +4 ring of protection (left hand)
   (You found it on level 1 of the Dungeon)
 j - an uncursed ring of fire {unknown}
   (You found it on level 2 of the Dungeon)
Wands
 k - a wand of scattershot (4)
   (You found it on level 2 of the Dungeon)
Scrolls
 h - a scroll of noise {unknown}
 i - a scroll of amnesia {unknown}
 l - a scroll of magic mapping {unknown}
Potions
 g - a potion of flight {unknown}
 m - a potion of invisibility {unknown}
Comestibles
 f - 5 rations


   Skills:
 + Level 2.4 Fighting
 * Level 3.2 Axes
 - Level 1.7 Throwing
 + Level 3.0 Dodging


You had one spell level left.
You didn't know any spells.

Dungeon Overview and Level Annotations

Branches:
Dungeon (2/15)

Altars:


Innate Abilities, Weirdness & Mutations

You have sharp toenails.


Message History

No target in view!
No target in view!
No target in view!
No target in view!
No target in view!
No target in view!
No target in view!
No target in view!
l - a scroll labeled UTUADE BODALI No target in view!
No target in view!
No target in view!
No target in view!
No target in view!
No target in view!
A hobgoblin comes into view.
The hobgoblin shouts!
You closely miss the hobgoblin. You claw the hobgoblin.
The hobgoblin closely misses you.
You hit the hobgoblin.
The hobgoblin hits you but does no damage.
You hit the hobgoblin.
You kill the hobgoblin!
Your Dodging skill increases to level 3!
No target in view!
No target in view!
No target in view!
No target in view!
No target in view!
No target in view!
No target in view!
f - 5 rations (gained 1)
There is a stone staircase leading down here.
A bat comes into view.
Found an escape hatch in the ceiling.
The bat completely misses you. The bat hits you but does no damage.
The bat misses you. The bat closely misses you. The bat misses you.
The bat barely misses you. The bat barely misses you.
The bat hits you but does no damage. The bat barely misses you.
The bat closely misses you.
You slash the bat!
You kill the bat!
No target in view!
No target in view!
No target in view!
No target in view!
No target in view!
No target in view!
No target in view!
No target in view!
No target in view!
No target in view!
No target in view!
No target in view!
No target in view!
No target in view!
m - a sapphire potion You now have 76 gold pieces (gained 8).
A ball python comes into view.
The ball python hisses angrily.
Unknown command.
No target in view!
No target in view!
The ball python closely misses you. x2
You slash the ball python!
You kill the ball python!
No target in view!
No target in view!
No target in view!
No target in view!
No target in view!
No target in view!
A centaur comes into view.
The centaur shouts!
The centaur wields a shortbow.
The centaur shoots an arrow.
The arrow completely misses you.
The centaur shoots an arrow.
The arrow barely misses you.
The centaur shoots an arrow.
The arrow hits you.
Found a stone staircase leading up.
You see here an arrow.
You take 6 damage, and have 17/23 hp.
MASSIVE DAMAGE!!
The centaur shoots an arrow.
The arrow hits you but does no damage.
You see here an arrow.
The centaur unwields an uncursed shortbow.
The centaur hits you but does no damage.
You hit the centaur. You claw the centaur. The centaur misses you.
You barely miss the centaur. The centaur closely misses you.
The centaur hits you but does no damage.
You hit the centaur. The centaur hits you. The centaur misses you.
You take 5 damage, and have 13/23 hp.
MASSIVE DAMAGE!!
You closely miss the centaur. You claw the centaur. The centaur hits you!
* * * LOW HITPOINT WARNING * * *
The centaur hits you!
You die...

##### #......# #....
######......# #....
<....!..$...#####....
.c.................
.........#####....
#................
###.(.............
###@c((.....####....
..................##....
...####.##).(...........
#.######.#####.... #.#
#.## ###.# #.#
#..#####..# #.#
##...##..## #.#
###..#.## ####.####
#....###


You could see a centaur.

Vanquished Creatures
  A dart slug (D:1)
  A leopard gecko (D:1)
  A giant cockroach (D:1)
  A goblin (D:1)
  7 hobgoblins
  A kobold (D:1)
  A ball python (D:2)
  5 bats
  A frilled lizard (D:1)
  3 rats (D:1)
22 creatures vanquished.

Notes
Turn   | Place    | Note
-------+----------+-------------------------------------------
     0 | D:1      | shakethe the Demonspawn Gladiator began the quest for the Orb.
     0 | D:1      | Reached XP level 1. HP: 16/16 MP: 1/1
     6 | D:1      | Noticed an anaconda
     6 | D:1      | Noticed a swamp drake
     7 | D:1      | Noticed a komodo dragon
     7 | D:1      | Noticed a polar bear
   111 | D:1      | Reached skill level 3 in Axes
   116 | D:1      | Gained mutation: You have sharp toenails. [demonic ancestry]
   116 | D:1      | Reached XP level 2. HP: 20/22 MP: 2/2
   780 | D:2      | Reached skill level 3 in Dodging
   917 | D:2      | Noticed a centaur
   927 | D:2      | Slain by a centaur

Skill      XL: |  1  2 |
---------------+-------+-----
Axes           | 3 |  3.2
Dodging        | 3 |  3.0
Fighting       | |  2.4
Throwing       | |  1.7

Action                   || total
-------------------------++-------
Melee: War axe           ||    48
       Kick              ||    11
 Stab: Sleeping          ||     2
Armor: Leather armour    ||    14
Dodge: Dodged            ||    46

Vault maps used:
D:1:      onia_arrival_zoo_common

Table legend:
 A = Turns spent in this place as a percentage of turns spent in the entire game.
 B = Non-inter-level travel turns spent in this place as a percentage of non-inter-level travel turns spent in the entire game.
 C = Inter-level travel turns spent in this place as a percentage of turns spent in this place.
 D = Turns resting spent in this place as a percentage of non-inter-level travel turns spent in this place.
 E = Turns spent auto-exploring this place as a percentage of non-inter-level travel turns spent in this place.
 F = Non-inter-level travel turns spent in this place divided by the number of levels of this place that you've seen.
                   A       B       C       D       E      F
               +-------+-------+-------+-------+-------+----------------------
         Total | 100.0 | 100.0 |   4.3 |   3.2 |  80.8 | 443.5
       Dungeon | 100.0 | 100.0 |   4.3 |   3.2 |  80.8 | 443.5
               +-------+-------+-------+-------+-------+----------------------

Table legend:
 A = Kills in this place as a percentage of kills in entire the game.
 B = Kills by you in this place as a percentage of kills by you in the entire game.
 C = Kills by friends in this place as a percentage of kills by friends in the entire game.
 D = Other kills in this place as a percentage of other kills in the entire game.
 E = Experience gained in this place as a percentage of experience gained in the entire game.
 F = Experience gained in this place divided by the number of levels of this place that you have seen.
                   A       B       C       D       E      F
               +-------+-------+-------+-------+-------+----------------------
         Total | 100.0 | 100.0 |   N/A |   N/A | 100.0 |  19.0
       Dungeon | 100.0 | 100.0 |   N/A |   N/A | 100.0 |  19.0
               +-------+-------+-------+-------+-------+----------------------
